 Dungeon Crawl Stone Soup version 0.28.0-45-g0d030f2227 (webtiles) character file.

Game seed: 16236216630049974497

1922 zeratav the Martial Artist (level 9, -5/61 HPs)
             Began as an Octopode Transmuter on Apr 8, 2022.
             Slain by an ogre
             ... wielding a +0 giant club
              (9 damage)
             ... on level 6 of the Dungeon.
             The game lasted 00:15:59 (7112 turns).

zeratav the Martial Artist (Octopode Transmuter)    Turns: 7112, Time: 00:16:00

Health: -5/61      AC:  1    Str: 10    XL:     9   Next: 17%
Magic:  12/12      EV: 16    Int: 15    God:
Gold:   193        SH:  0    Dex: 16    Spells: 8/12 levels left

rFire   . . .      SeeInvis .   u - +4 short sword {short}
rCold   . . .      Faith    .   (no shield)
rNeg    + . .      Spirit   .   (helmet restricted)
rPois   .          Reflect  .   w - amulet of the Four Winds {rN+ Will+++ Clar}
rElec   .          Harm     .   i - ring of willpower
rCorr   .          Rampage  .   (no ring)
Will    ++++.      Clarity  +   (no ring)
Stlth   ++++......              (no ring)
HPRegen 0.20/turn               (no ring)
MPRegen 0.13/turn               (no ring)
                                (no ring)
                                (no ring)

@: no status effects
A: almost no armour, amphibious, 8 rings, camouflage 1, gelatinous body 1,
(nimble swimmer 1), tentacles
a: no special abilities


You were on level 6 of the Dungeon.
You visited 1 branch of the dungeon, and saw 6 of its levels.
You also visited: Sewer.

You collected 193 gold pieces.


Innate Abilities, Weirdness & Mutations

You cannot wear most types of armour.
You are amphibious.
You can wear up to eight rings at the same time.
Your skin changes colour to match your surroundings (Stealth+).
Your rubbery body absorbs attacks. (AC +1, EV +1)
((You are camouflaged when in or above water. (Stealth+)))
You have tentacles for arms and can constrict up to eight enemies at once.


   Skills:
 + Level 5.5 Fighting
 + Level 5.8 Dodging
 - Level 5.0 Stealth
 * Level 8.4 Unarmed Combat
 - Level 2.0 Spellcasting
 - Level 2.0 Transmutations


You had 8 spell levels left.
You knew the following spells:

 Your Spells              Type           Power      Damage    Failure   Level
a - Beastly Appendage     Tmut           14%        N/A       10%         1
b - Spider Form           Tmut/Pois      4%         N/A       41%         3

Your spell library contained the following spells:

 Spells                   Type           Power      Damage    Failure   Level
 Wereblood                Tmut           7%         N/A       14%         2
 Ignite Poison            Fire/Tmut/Pois 3%         N/A       45%         3
 Conjure Flame            Conj/Fire      1%         6-21      54%         3
 Dazzling Flash           Conj/Hex       2%         N/A       54%         3
 Ice Form                 Ice/Tmut       4%         N/A       82%         4
 Iskenderun's Mystic Bla  Conj/Tloc      1%         2d3       91%         4
 Sticky Flame             Conj/Fire      1%         2d3       91%         4
 Starburst                Conj/Fire      0%         6d3       100%        6

Inventory:

Hand Weapons
 u - a +4 short sword (weapon) {short}
   (You took it off a wight on level 4 of the Dungeon)
Missiles
 f - 5 poisoned darts {throwing}
Jewellery
 b - an amulet of guardian spirit
   (You found it on level 1 of the Dungeon)
 i - a ring of willpower (left tentacle)
   (You found it on level 2 of the Dungeon)
 w - the amulet of the Four Winds (around mantle) {rN+ Will+++ Clar}
   (You found it on level 5 of the Dungeon)

   [amulet of nothing]

   rN:        It protects you from negative energy.
   Clar:      It protects you against confusion.
   Will:      It greatly increases your willpower.
Wands
 p - a wand of flame (16)
   (You found it on level 4 of the Dungeon)
 v - a wand of polymorph (3)
   (You found it on level 5 of the Dungeon)
Scrolls
 a - 2 scrolls of magic mapping {unknown}
 c - 5 scrolls of teleportation {unknown}
 d - 3 scrolls of fear {unknown}
 e - 2 scrolls of vulnerability {unknown}
 g - 6 scrolls of identify {unknown}
 k - a scroll of amnesia {unknown}
 l - a scroll of blinking {unknown}
 s - a scroll of holy word {unknown}
Potions
 h - 3 potions of curing {unknown}
 j - 2 potions of invisibility {unknown}
 m - 3 potions of flight
 n - a potion of attraction {unknown}
 o - a potion of ambrosia {unknown}
 q - a potion of mutation {unknown}
 r - a potion of haste {unknown}
 t - 4 potions of heal wounds {@q2}
 x - a potion of brilliance {unknown}

Dungeon Overview and Level Annotations

Branches:
Dungeon (6/15)              Sewer (visited)
 Temple: D:4-7

Altars:
Uskayaw

## .. ##### . ....# .#
....# ###.# ....# #...# #
....##############.#.#....
....'...........@Os.>.....
....##############.##.....
##### #..$ ... ###.# . ...
... #... #..


You could see an ogre and a scorpion.


Message History

MP[-1]
You lost 1 mp, and now have 11/12 mp.
Your tentacle spike disappears.
Things that are here:
a +0 short sword {short}; a +0 ring mail MP[+1]
Your mp is fully restored (12).
Things that are here:
a +0 scythe {polearm}; a +0 robe You open the door.
There is an open door here.
Found a stone staircase leading down.
A bullfrog skeleton comes into view.
A scorpion and an iguana come into view.
The iguana hisses angrily.
You hear a shout!
A jelly comes into view.
The scorpion moves out of view.
One of your tentacles grows a vicious spike.
The jelly quivers.
MP[-1]
You lost 1 mp, and now have 11/12 mp.
Your transformation is almost over.
The bullfrog skeleton hits you.
HP[-1]
You take 1 damage, and now have 60/61 hp.
You hit the bullfrog skeleton. You grab the bullfrog skeleton.
You pierce the bullfrog skeleton.
You constrict the bullfrog skeleton. The bullfrog skeleton hits you.
The bullfrog skeleton misses you.
HP[-2]
You take 2 damage, and now have 58/61 hp.
You hit the bullfrog skeleton.
You pierce the bullfrog skeleton!
You constrict the bullfrog skeleton.
You destroy the bullfrog skeleton!
MP[+1]
Your mp is fully restored (12).
A scorpion comes into view.
The jelly closely misses you.
You hit the jelly.
Your tentacles burn!
You pierce the jelly.
The jelly closely misses you.
HP[-2]
You take 2 damage, and now have 56/61 hp.
You hit the jelly.
Your tentacles burn!
You pierce the jelly.
You kill the jelly!
Your tentacle spike disappears.
The iguana hisses menacingly.
HP[-2]
You take 2 damage, and now have 54/61 hp.
You hit the iguana. Your grab misses the iguana.
Your squeeze misses the iguana. The iguana misses you.
You closely miss the iguana. You grab the iguana.
You constrict the iguana, but do no damage.
The iguana barely misses you.
You hit the iguana. You constrict the iguana. The iguana misses you.
You hit the iguana. You squeeze the iguana.
You kill the iguana!
HP[+1]
You hit the scorpion but do no damage. Your grab misses the scorpion.
You tentacle-slap the scorpion.
You squeeze the scorpion, but do no damage.
The scorpion closely misses you.
An ogre comes into view. It is wielding a +0 giant club.
The ogre shouts!
You hit the scorpion. You grab the scorpion.
You squeeze the scorpion, but do no damage.
You constrict the scorpion. The scorpion stings you.
You are poisoned.
The scorpion poisons you! The scorpion barely misses you.
HP[-2]
You take 2 damage, and now have 53/61 hp.
You hit the scorpion but do no damage. You squeeze the scorpion.
You constrict the scorpion.
You feel sick. The scorpion misses you.
HP[-2]
You take 2 damage, and now have 51/61 hp.
You hit the scorpion.
You constrict the scorpion, but do no damage.
You feel sick. The scorpion misses you.
HP[-2]
You take 2 damage, and now have 49/61 hp.
You hit the scorpion.
You kill the scorpion!
You feel sick. The ogre closely misses you.
You hit the ogre. You tentacle-slap the ogre.
You feel sick.
HP[-1]
You take 1 damage, and now have 48/61 hp.
You hit the ogre but do no damage.
You feel sick.
The ogre hits you with a +0 giant club!!
* * * LOW HITPOINT WARNING * * *
HP[-20]
You take 20 damage, and now have 28/61 hp.
MASSIVE DAMAGE!! (PAUSE)
You hit the ogre.
You feel sick.
The ogre hits you with a +0 giant club!!
* * * LOW HITPOINT WARNING * * *
HP[-24]
You take 24 damage, and now have 4/61 hp.
MASSIVE DAMAGE!! (PAUSE)
You barely miss the ogre.
You feel sick.
You are no longer poisoned.
The ogre hits you with a +0 giant club!
You die...

Skill      XL: |  1  2  3  4  5  6  7  8 |
---------------+-------------------------+-----
Stealth        | 1 2 3 4 5 |  5.0
Fighting       | 2 3 4 5 |  5.5
Unarmed Combat | 4 5 6 8 |  8.4
Dodging        | 3 4 5 |  5.8
Spellcasting   | |  2.0
Transmutations | |  2.0

Action                   |  1- 3 |  4- 6 |  7- 9 || total
-------------------------+-------+-------+-------++-------
Melee: Unarmed           |    18 |       |       ||    18
       Constrict         |    20 |    12 |    42 ||    74
       Tentacles         |    15 |    20 |    55 ||    90
       Kick              |     6 |     9 |    35 ||    50
       Dagger            |    57 |    86 |    82 ||   225
       Punch             |     3 |     3 |    11 ||    17
       Short sword       |       |       |   130 ||   130
 Cast: Beastly Appendage |    11 |    11 |    23 ||    45
       Spider Form       |       |       |     1 ||     1
 Stab: Sleeping          |     7 |     5 |     7 ||    19
       Distracted        |       |     1 |       ||     1
Armor: Skin              |     5 |     4 |     4 ||    13
Dodge: Dodged            |    38 |    39 |   126 ||   203

Levels and vault maps discovered:
D:1:      dpeg_arrival_more_subterranean_lakeside_camping, layout_basic
D:2:      layout_loops_cross, hellmonk_ecumenical_altar_run_dry
D:3:      layout_loops_ring, ebering_ghost_rock_garden, uniq_grinder
D:4:      layout_rooms, old_standard_altar, serial_glass, glass_columns_a,
          glass_columns_c, item_on_display_a, due_unseen_surprise,
          eino_small_chamber_without_monster, corexii_checkpoint_b
D:5:      layout_basic, portal_sewer_entry_d, kennysheep_cluttered_room
D:6:      layout_basic, minmay_temple_entry_sparse_star, st_stairs_5,
          uniq_duvessa, uniq_sigmund

Notes
Turn   | Place    | Note
-------+----------+-------------------------------------------
     0 | D:1      | zeratav the Octopode Transmuter began the quest for the
                  | Orb.
     0 | D:1      | Reached XP level 1. HP: 13/13 MP: 3/3
     0 | D:1      | magus.rc [v1.9.6]
   316 | D:1      | Reached XP level 2. HP: 18/18 MP: 3/5
   425 | D:1      | Reached skill level 1 in Stealth
   969 | D:2      | Reached XP level 3. HP: 19/23 MP: 4/6
  1039 | D:2      | HP: 5/23 [adder (3)]
  1047 | D:2      | HP: 3/23 [adder (3)]
  1486 | D:2      | Reached skill level 2 in Fighting
  1486 | D:2      | Reached skill level 2 in Stealth
  1486 | D:2      | Reached XP level 4. HP: 21/29 MP: 3/7
  1494 | D:2      | Found a faded altar of an unknown god.
  1651 | D:2      | You pick up a book of Spectacle and begin reading...
  1651 | D:2      | You add the spells Dazzling Flash, Iskenderun's Mystic
                  | Blast and Starburst to your library.
  1696 | D:2      | Reached skill level 4 in Unarmed Combat
  2143 | D:3      | Noticed Grinder
  2185 | D:3      | Reached XP level 5. HP: 29/34 MP: 6/8
  2372 | D:3      | Paralysed by Grinder for 2 turns
  2382 | D:3      | Killed Grinder
  2383 | D:3      | Reached skill level 3 in Dodging
  2383 | D:3      | Reached skill level 3 in Stealth
  2383 | D:3      | Reached skill level 5 in Unarmed Combat
  2383 | D:3      | Reached XP level 6. HP: 12/41 MP: 4/9
  2664 | D:3      | Found a runed translucent gate.
  2664 | D:3      | Found a runed translucent gate.
  2665 | D:3      | Found a runed translucent gate.
  2675 | D:3      | Noticed Juicyj's ghost (weakling GnWn)
  2723 | D:3      | Reached skill level 3 in Fighting
  2862 | D:3      | Reached skill level 4 in Stealth
  3214 | D:3      | Killed Juicyj's ghost
  3492 | D:4      | Reached XP level 7. HP: 46/46 MP: 10/10
  4209 | D:4      | Reached skill level 4 in Dodging
  4394 | D:4      | Found a hide-covered altar of Uskayaw.
  4437 | D:4      | Learned a level 3 spell: Spider Form
  4442 | D:4      | Reached skill level 5 in Stealth
  4442 | D:4      | Reached skill level 6 in Unarmed Combat
  4567 | D:4      | Reached skill level 4 in Fighting
  4567 | D:4      | Reached XP level 8. HP: 36/53 MP: 6/11
  4806 | D:4      | You add the spells Conjure Flame, Ignite Poison and Sticky
                  | Flame to your library.
  4839 | D:5      | Entered Level 5 of the Dungeon
  5128 | D:5      | Found a glowing drain.
  5139 | Sewer    | Entered a sewer
  5393 | Sewer    | Reached skill level 7 in Unarmed Combat
  5425 | Sewer    | HP: 12/54 [kobold brigand/+3 short sword (10)]
  5430 | Sewer    | HP: 6/54 [poisoned by a kobold]
  5755 | Sewer    | Found a white marble altar of Elyvilon.
  5873 | D:5      | Found the amulet of the Four Winds {rN+ Will+++ Clar}
  6042 | D:5      | Reached skill level 5 in Dodging
  6587 | D:6      | Noticed Dowan
  6588 | D:6      | Noticed Duvessa
  6677 | D:6      | Noticed Sigmund
  6709 | D:6      | Killed Sigmund
  6710 | D:6      | Reached skill level 5 in Fighting
  6741 | D:6      | Killed Duvessa
  6742 | D:6      | Reached skill level 8 in Unarmed Combat
  6742 | D:6      | Reached XP level 9. HP: 36/61 MP: 12/12
  6766 | D:6      | Killed Dowan
  7111 | D:6      | HP: 4/61 [ogre/+0 giant club (23)]
  7112 | D:6      | Slain by an ogre

Vanquished Creatures
  Grinder (D:3)
  Sigmund (D:6)
  Duvessa (D:6)
  2 ogres
  A centaur (D:5)
  A kobold brigand (Sewer)
  3 scorpions
  2 water moccasin zombies
  Dowan (D:6)
  The ghost of Juicyj the Grasshopper, a weakling GnWn (D:3)
  3 wights (D:4)
  A centaur zombie (D:3)
  3 hounds
  2 bullfrog skeletons
  An orc priest (D:4)
  2 jellies
  4 iguanas
  3 orc wizards (D:4)
  A hound skeleton (D:4)
  7 adders
  4 river rats (Sewer)
  A shadow imp (D:5)
  A white imp (D:5)
  4 dart slugs
  3 orcs
  5 ball pythons
  9 endoplasms
  8 goblins
  7 hobgoblins
  7 jackals
  6 quokkas
  8 bats
  2 frilled lizards (D:2)
  12 kobolds
  6 rats
124 creatures vanquished.

Table legend:
 A = Non-vault XP
 B = Vault XP
 C = Vault XP percentage of total XP
 D = Non-vault monster count
 E = Vault monster count
 F = Vault count percentage of total count
                 A         B        C        D         E       F
            +---------+---------+-------+---------+---------+-------
      Total |    1727 |    1019 |  37.1 |     101 |      23 |  18.5
            +---------+---------+-------+---------+---------+-------
        D:1 |      20 |       0 |   0.0 |      13 |       0 |   0.0
        D:2 |     114 |       0 |   0.0 |      28 |       0 |   0.0
        D:3 |     135 |     344 |  71.8 |      16 |       2 |  11.1
        D:4 |     653 |       4 |   0.6 |      24 |       2 |   7.7
        D:5 |     397 |      13 |   3.2 |      14 |       1 |   6.7
        D:6 |     408 |     490 |  54.6 |       6 |       5 |  45.5
      Sewer |       0 |     168 | 100.0 |       0 |      13 | 100.0
            +---------+---------+-------+---------+---------+-------

Illustrated notes

Table legend:
 A = Kills in this place as a percentage of kills in entire the game.
 B = Kills by you in this place as a percentage of kills by you in the entire game.
 C = Kills by friends in this place as a percentage of kills by friends in the entire game.
 D = Other kills in this place as a percentage of other kills in the entire game.
 E = Experience gained in this place as a percentage of experience gained in the entire game.
 F = Experience gained in this place divided by the number of levels of this place that you have seen.
                   A       B       C       D       E      F
               +-------+-------+-------+-------+-------+----------------------
         Total | 100.0 | 100.0 |   N/A |   N/A | 100.0 | 392.3
       Dungeon |  89.5 |  89.5 |   N/A |   N/A |  93.9 | 429.7
         Sewer |  10.5 |  10.5 |   N/A |   N/A |   6.1 | 168.0
               +-------+-------+-------+-------+-------+----------------------

Table legend: (Time is in decaauts)
 A = Elapsed time spent in this place.
 B = Non-inter-level travel time spent in this place.
 C = Inter-level travel time spent in this place.
 D = Time resting spent in this place.
 E = Time spent auto-exploring this place.
 F = Levels seen in this place.
 G = Mean time per level.
                   A        B        C        D        E       F      G
               +--------+--------+--------+--------+--------+-----+--------+
         Total |   7049 |   6877 |    172 |   2267 |   2942 |   7 | 1007.0 |
       Dungeon |   6385 |   6213 |    172 |   1841 |   2891 |   6 | 1064.2 |
         Sewer |    664 |    664 |      0 |    426 |     51 |   1 |  664.0 |
               +--------+--------+--------+--------+--------+-----+--------+

Top non-repeatable levels by time:
     D:3: 1695 daAuts
     D:2: 1191 daAuts
     D:4: 1171 daAuts
     D:5: 897 daAuts
     D:6: 726 daAuts
     D:1: 702 daAuts
   Sewer: 664 daAuts
